 Dungeon Crawl Stone Soup version 0.28-a0-305-g9e858e973b (webtiles) character file.

Game seed: 13796446091594690774

875 timneilson the Shield-Bearer (level 8, -3/48 HPs)
             Began as a Gargoyle Fighter on Aug 29, 2021.
             Slain by an ogre (18 damage)
             ... on level 5 of the Dungeon.
             The game lasted 00:08:30 (4050 turns).

timneilson the Shield-Bearer (Gargoyle Fighter)     Turns: 4050, Time: 00:08:31

Health: -3/48      AC: 22    Str: 22    XL:     8   Next: 4%
Magic:  8/8        EV:  6    Int:  9    God:
Gold:   275        SH:  9    Dex:  9    Spells: 7/7 levels left

rFire   . . .      SeeInvis .   a - +1 long sword
rCold   . . .      Faith    .   c - +0 kite shield
rNeg    + . .      Spirit   .   n - +0 chain mail
rPois   ∞          Reflect  .   g - +0 helmet
rElec   +          Harm     .   (no cloak)
rCorr   .          Rampage  .   (no gloves)
Will    .....                   m - +0 pair of boots
Stlth   ..........              (no amulet)
HPRegen 0.16/turn               f - +4 ring of protection
MPRegen 0.11/turn               (no ring)

@: about to teleport, studying Long Blades
A: sickness immunity, AC +5, negative energy resistance 1, electricity
resistance, torment resistance 1, petrification resistance
a: no special abilities


You were on level 5 of the Dungeon.
You visited 1 branch of the dungeon, and saw 5 of its levels.

You collected 275 gold pieces.

Inventory:

Hand Weapons
 a - a +1 long sword (weapon)
Armour
 c - a +0 kite shield (worn)
 g - a +0 helmet (worn)
 m - a +0 pair of boots (worn)
 n - a +0 chain mail (worn)
Jewellery
 f - a +4 ring of protection (left hand)
Wands
 j - a wand of iceblast (11)
Scrolls
 k - a scroll of enchant weapon
 l - a scroll of teleportation
Potions
 d - a potion of lignification
 e - 3 potions of curing
 h - a potion of flight
 i - a potion of heal wounds {unknown}


   Skills:
 + Level 4.8 Fighting
 * Level 5.3 Long Blades
 * Level 6.1 Armour
 * Level 6.1 Shields


You had 7 spell levels left.
You didn't know any spells.
Your spell library was empty.

Dungeon Overview and Level Annotations

Branches:
Dungeon (5/15)
 Temple: D:4-7

Altars:
Elyvilon
Makhleb
Wu Jian

Shops:
D:1 =   D:4 *


Innate Abilities, Weirdness & Mutations

You are immune to sickness and miasma.
Your stone body is resilient. (AC +5)
You are immune to poison.
You resist negative energy. (rN+)
You are resistant to electric shocks. (rElec)
You are resistant to unholy torment.
You are immune to petrification.


Message History

Found a potion of curing.
You see here a scorpion corpse.
e - 3 potions of curing (gained 1)
There is a stone staircase leading down here.
You now have 275 gold pieces (gained 11).
An ogre comes into view. It is wielding a +0 giant spiked club.
The ogre shouts!
The ogre moves out of view.
A jelly comes into view.
The jelly quivers.
The jelly moves out of view.
The ogre closely misses you.
You slash the ogre!
The ogre is heavily wounded.
The ogre hits you with a +0 giant spiked club!!
You barely miss the ogre.
The ogre is heavily wounded.
You hit the ogre.
The ogre is heavily wounded.
The ogre hits you with a +0 giant spiked club!
You block the jelly's attack.
You barely miss the ogre.
The ogre is heavily wounded.
You block the ogre's attack. The jelly hits you but does no damage.
You hit the ogre but do no damage.
The ogre is heavily wounded.
The ogre barely misses you. The jelly barely misses you.
Unknown command.
You barely miss the ogre.
The ogre is heavily wounded.
You block the ogre's attack. The jelly hits you but does no damage.
Unknown command.
As you read the scroll of teleportation, it crumbles to dust.
You feel strangely unstable. The jelly hits you but does no damage.
The ogre hits you but does no damage.
You hit the ogre but do no damage.
The ogre is heavily wounded.
You block the jelly's attack.
The ogre hits you with a +0 giant spiked club!!
You die...

#####....# ...
###...#....##.. ..
##.#........#... ...
#............# #.
#...........# #
#..........# #
##.....#...+
#.....##...#
#..J@O#...## ##
#...#.......##### ####.
#.......###....#.###....
........# ###....##..##.
......... #.#..#...###
......... ####.....###
.......#. ##.......
......# .# #...##..
#.......


You could see an ogre and a jelly.

Vanquished Creatures
  Sigmund (D:2)
  A water moccasin (D:4)
  2 ogres
  A phantom (D:4)
  A scorpion (D:5)
  A bullfrog zombie (D:3)
  A jelly (D:4)
  An orc priest (D:3)
  A hound skeleton (D:4)
  Robin (D:2)
  A gnoll (D:3)
  4 adders
  2 adder skeletons (D:4)
  4 worms
  4 dart slugs
  12 orcs
  11 endoplasms
  2 giant cockroaches (D:3)
  16 goblins
  10 hobgoblins
  8 quokkas
  7 ball pythons
  7 bats
  4 frilled lizards
  11 kobolds
  2 rats (D:1)
116 creatures vanquished.

Notes
Turn   | Place    | Note
-------+----------+-------------------------------------------
     0 | D:1      | timneilson the Gargoyle Fighter began the quest for the
                  | Orb.
     0 | D:1      | Reached XP level 1. HP: 14/14 MP: 1/1
    59 | D:1      | Reached XP level 2. HP: 19/19 MP: 2/2
   184 | D:1      | Found Rassymof's Jewellery Shoppe.
   251 | D:1      | You fall into a shaft and drop 1 floor!
   313 | D:2      | Noticed Sigmund
   326 | D:2      | Killed Sigmund
   327 | D:2      | Reached XP level 3. HP: 13/24 MP: 3/3
   327 | D:2      | Reached XP level 4. HP: 16/29 MP: 4/4
   327 | D:2      | Reached XP level 5. HP: 19/33 MP: 5/5
   979 | D:2      | Noticed Robin
  1028 | D:2      | Killed Robin
  1029 | D:2      | Reached XP level 6. HP: 28/38 MP: 6/6
  1141 | D:2      | Found a faded altar of an unknown god.
  1780 | D:3      | Reached skill level 5 in Shields
  2248 | D:3      | Reached skill level 5 in Armour
  2549 | D:3      | Identified a scroll of acquirement
  2549 | D:3      | Acquired a manual of Long Blades
  2645 | D:4      | Noticed a water moccasin
  2658 | D:4      | Killed a water moccasin
  2659 | D:4      | Reached XP level 7. HP: 43/44 MP: 7/7
  3240 | D:4      | Found a white marble altar of Elyvilon.
  3251 | D:4      | Found an ornate altar of the Wu Jian Council.
  3257 | D:4      | Found a burning altar of Makhleb.
  3358 | D:4      | Found Ylohiag's Overcharged Wands.
  3518 | D:5      | Entered Level 5 of the Dungeon
  3525 | D:5      | Reached skill level 5 in Long Blades
  3995 | D:5      | Reached XP level 8. HP: 46/48 MP: 8/8
  4050 | D:5      | Slain by an ogre

Illustrated notes

Levels and vault maps discovered:
D:1:      dpeg_arrival_lava_temple_mockup, layout_basic, serial_shops,
          nicolae_lakefront_shop
D:2:      layout_rooms, basic_ecumenical_altar, uniq_robin, uniq_sigmund
D:3:      minmay_bubble_buster, layout_basic
D:4:      layout_cave_pools, minmay_overflow_temple_star_quad,
          nicolae_shop_overcharged_wands
D:5:      layout_cave_pools, trog_ov_bears_minmay, zin_statuary,
          worldfamousw_hep_ancestral_shrine

Skill      XL: |  1  2  3  4  5  6  7 |
---------------+----------------------+-----
Long Blades    | 3 4 5 |  5.3
Armour         | 4 5 6 |  6.1
Shields        | 4 5 6 |  6.1
Fighting       | 4 |  4.8

Action                   |  1- 3 |  4- 6 |  7- 9 || total
-------------------------+-------+-------+-------++-------
Melee: Long sword        |    48 |   278 |   146 ||   472
  Use: Potion            |     2 |       |       ||     2
       Scroll            |       |     6 |     3 ||     9
Armor: Scale mail        |    33 |   242 |    91 ||   366
       Chain mail        |       |       |     4 ||     4
Dodge: Dodged            |    19 |    93 |    40 ||   152
Block: Kite shield       |    21 |   148 |    75 ||   244

Table legend: (Time is in decaauts)
 A = Elapsed time spent in this place.
 B = Non-inter-level travel time spent in this place.
 C = Inter-level travel time spent in this place.
 D = Time resting spent in this place.
 E = Time spent auto-exploring this place.
 F = Levels seen in this place.
 G = Mean time per level.
                   A        B        C        D        E       F      G
               +--------+--------+--------+--------+--------+-----+--------+
         Total |   4255 |   4052 |    203 |    282 |   2465 |   5 |  851.0 |
       Dungeon |   4255 |   4052 |    203 |    282 |   2465 |   5 |  851.0 |
               +--------+--------+--------+--------+--------+-----+--------+

Top non-repeatable levels by time:
     D:3: 1282 daAuts
     D:4: 1238 daAuts
     D:1: 924 daAuts
     D:2: 616 daAuts
     D:5: 194 daAuts
